ITL
TUSCALOOSA TROUT SLAYERS @ INDIANA HOUNDS
08/16/2025
 
TOP OF THE 1ST
Tuscaloosa Trout Slayers batting - Pitching for Indiana Hounds : RHP José Morán
Pitching: RHP José Morán
Batting: RHB Lowie van den Bogaert 0-0: Foul Ball, location: 2F
0-1: Ball
1-1: Ball
2-1: Foul Ball, location: 2F
2-2: Fly out, F7 (Flyball, 7S)
Batting: RHB Pat Fullerton 0-0: Called Strike
0-1: Ball
1-1: Ball
2-1: Foul Ball, location: 2F
2-2: Strikes out looking
Batting: RHB Owen Carter 0-0: Ball
1-0: Foul Ball, location: 2F
1-1: Foul Ball, location: 2F
1-2: Fly out, F7 (Flyball, 78D)
Top of the 1st over - 0 run(s), 0 hit(s), 0 error(s), 0 left on base; Tuscaloosa 0 - Indiana 0
BOTTOM OF THE 1ST
Indiana Hounds batting - Pitching for Tuscaloosa Trout Slayers : RHP Rafael Ramírez
Pitching: RHP Rafael Ramírez
Batting: RHB Víctor Chávez 0-0: Ball
1-0: Ball
2-0: Called Strike
2-1: Ball
3-1: Foul Ball, location: 2F
3-2: Ground out 6-3 (Groundball, 6)
Batting: RHB Will Brown 0-0: Ball
1-0: Called Strike
1-1: Foul Ball, location: 2F
1-2: Strikes out swinging
Batting: RHB Doug Murray 0-0: Foul Ball, location: 2F
0-1: Swinging Strike
0-2: Strikes out swinging
Bottom of the 1st over - 0 run(s), 0 hit(s), 0 error(s), 0 left on base; Tuscaloosa 0 - Indiana 0
TOP OF THE 2ND
Tuscaloosa Trout Slayers batting - Pitching for Indiana Hounds : RHP José Morán
Batting: LHB Ricardo Berroa 0-0: Ball
1-0: Foul Ball, location: 2F
1-1: Foul Ball, location: 2F
1-2: Ground out 6-3 (Groundball, 6)
Batting: RHB Ryan McBride 0-0: Ball
1-0: SOLO HOME RUN (Flyball, 7D), Distance : 361 ft
Batting: SHB Tucker Thomas 0-0: Foul Ball, location: 2F
0-1: SOLO HOME RUN (Line Drive, 89XD), Distance : 393 ft
Batting: LHB Sergio Barrón 0-0: Ball
1-0: Ground out 5-3 (Groundball, 5)
Batting: RHB Jason Saunders 0-0: Called Strike
0-1: Swinging Strike
0-2: Strikes out swinging
Top of the 2nd over - 2 run(s), 2 hit(s), 0 error(s), 0 left on base; Tuscaloosa 2 - Indiana 0
BOTTOM OF THE 2ND
Indiana Hounds batting - Pitching for Tuscaloosa Trout Slayers : RHP Rafael Ramírez
Batting: RHB Barney Lawson 0-0: Called Strike
0-1: Foul Ball, location: 2F
0-2: Ball
1-2: Ball
2-2: SINGLE (Line Drive, 9LM)
Batting: RHB Danny Walker 0-0: Called Strike
0-1: Ball
1-1: Foul Ball, location: 2F
1-2: Foul Ball, location: 2F
1-2: Ball
2-2: Ball
3-2: Foul Ball, location: 2F
3-2: Strikes out swinging
Batting: RHB António Venecia 0-0: Foul Ball, location: 2F
0-1: Foul Ball, location: 2F
0-2: Ball
1-2: Ball
2-2: Ball
3-2: Base on Balls
Barney Lawson to second
Batting: LHB Clint Parkinson 0-0: Called Strike
0-1: Ball
1-1: Ball
2-1: 3-RUN HOME RUN (Line Drive, 8LXD), Distance : 413 ft
Batting: LHB Pepe Vázquez 0-0: Ball
1-0: Ball
2-0: Fly out, F7 (Flyball, 78M)
Batting: RHB Paco Castillo 0-0: Ground out 6-3 (Groundball, 6M)
Bottom of the 2nd over - 3 run(s), 2 hit(s), 0 error(s), 0 left on base; Tuscaloosa 2 - Indiana 3
TOP OF THE 3RD
Tuscaloosa Trout Slayers batting - Pitching for Indiana Hounds : RHP José Morán
Batting: RHB John Moore 0-0: Ball
1-0: Called Strike
1-1: Foul Ball, location: 2F
1-2: Foul Ball, location: 2F
1-2: Ball
2-2: Ball
3-2: Strikes out swinging
Batting: RHB Lowie van den Bogaert 0-0: Swinging Strike
0-1: Swinging Strike
0-2: Strikes out swinging
Batting: RHB Pat Fullerton 0-0: Called Strike
0-1: Ball
1-1: Fly out, F8 (Flyball, 8LD)
Top of the 3rd over - 0 run(s), 0 hit(s), 0 error(s), 0 left on base; Tuscaloosa 2 - Indiana 3
BOTTOM OF THE 3RD
Indiana Hounds batting - Pitching for Tuscaloosa Trout Slayers : RHP Rafael Ramírez
Batting: RHB Víctor Chávez 0-0: Foul Ball, location: 2F
0-1: Ground out 5-3 (Groundball, 5S)
Batting: RHB Will Brown 0-0: Called Strike
0-1: Ball
1-1: Called Strike
1-2: Foul Ball, location: 2F
1-2: Foul Ball, location: 2F
1-2: Ball
2-2: Strikes out looking
Batting: RHB Doug Murray 0-0: Ball
1-0: Foul Ball, location: 2F
1-1: Ball
2-1: SINGLE (Line Drive, 78S)
Batting: RHB Barney Lawson 0-0: Called Strike
Doug Murray is caught stealing 2nd base
Bottom of the 3rd over - 0 run(s), 1 hit(s), 0 error(s), 0 left on base; Tuscaloosa 2 - Indiana 3
TOP OF THE 4TH
Tuscaloosa Trout Slayers batting - Pitching for Indiana Hounds : RHP José Morán
Batting: RHB Owen Carter 0-0: Called Strike
0-1: Called Strike
0-2: Foul Ball, location: 2F
0-2: Ball
1-2: Ball
2-2: Ball
3-2: Strikes out looking
Batting: LHB Ricardo Berroa 0-0: Swinging Strike
0-1: Called Strike
0-2: Strikes out swinging
Batting: RHB Ryan McBride 0-0: Called Strike
0-1: Ball
1-1: Foul Ball, location: 2F
1-2: SINGLE (Line Drive, 6)
Batting: SHB Tucker Thomas 0-0: Called Strike
0-1: Ball
1-1: Foul Ball, location: 2F
1-2: Strikes out looking
Top of the 4th over - 0 run(s), 1 hit(s), 0 error(s), 1 left on base; Tuscaloosa 2 - Indiana 3
BOTTOM OF THE 4TH
Indiana Hounds batting - Pitching for Tuscaloosa Trout Slayers : RHP Rafael Ramírez
Batting: RHB Barney Lawson 0-0: Ball
1-0: Ground out 5-3 (Groundball, 5L)
Batting: RHB Danny Walker 0-0: Ball
1-0: Called Strike
1-1: Ball
2-1: Ball
3-1: Foul Ball, location: 2F
3-2: Foul Ball, location: 2F
3-2: Strikes out swinging
Batting: RHB António Venecia 0-0: Ball
1-0: Ball
2-0: Swinging Strike
2-1: Foul Ball, location: 2F
2-2: Strikes out swinging
Bottom of the 4th over - 0 run(s), 0 hit(s), 0 error(s), 0 left on base; Tuscaloosa 2 - Indiana 3
TOP OF THE 5TH
Tuscaloosa Trout Slayers batting - Pitching for Indiana Hounds : RHP José Morán
Batting: LHB Sergio Barrón 0-0: Ball
1-0: Called Strike
1-1: DOUBLE (Line Drive, 8LD)
Batting: RHB Jason Saunders 0-0: Ball
1-0: Foul Ball, location: 2F
1-1: Called Strike
1-2: Strikes out swinging
Batting: RHB John Moore 0-0: Called Strike
0-1: Ground out 5-3 (Groundball, 5)
Batting: RHB Lowie van den Bogaert 0-0: Ball
1-0: Ball
2-0: Ground out 6-3 (Groundball, 6)
Top of the 5th over - 0 run(s), 1 hit(s), 0 error(s), 1 left on base; Tuscaloosa 2 - Indiana 3
BOTTOM OF THE 5TH
Indiana Hounds batting - Pitching for Tuscaloosa Trout Slayers : RHP Rafael Ramírez
Batting: LHB Clint Parkinson 0-0: Ground out 4-3 (Groundball, 6M)
Batting: LHB Pepe Vázquez 0-0: Called Strike
0-1: Ball
1-1: Called Strike
1-2: Strikes out swinging
Batting: RHB Paco Castillo 0-0: Ball
1-0: Swinging Strike
1-1: Ball
2-1: Fly out, F3 (Popup, 34S)
Bottom of the 5th over - 0 run(s), 0 hit(s), 0 error(s), 0 left on base; Tuscaloosa 2 - Indiana 3
TOP OF THE 6TH
Tuscaloosa Trout Slayers batting - Pitching for Indiana Hounds : RHP José Morán
Batting: RHB Pat Fullerton 0-0: Foul Ball, location: 2F
0-1: Bunted foul
0-2: Ball
1-2: Ball
2-2: Ball
3-2: Base on Balls
Batting: RHB Owen Carter 0-0: Called Strike
0-1: Foul Ball, location: 2F
0-2: Ball
1-2: Ball
2-2: Foul Ball, location: 2F
2-2: Strikes out swinging
Batting: LHB Ricardo Berroa 0-0: Called Strike
0-1: Ball
Pat Fullerton is caught stealing 2nd base
1-1: Ball
2-1: Foul Ball, location: 2F
2-2: Strikes out swinging
Top of the 6th over - 0 run(s), 0 hit(s), 0 error(s), 0 left on base; Tuscaloosa 2 - Indiana 3
BOTTOM OF THE 6TH
Indiana Hounds batting - Pitching for Tuscaloosa Trout Slayers : RHP Rafael Ramírez
Batting: RHB Víctor Chávez 0-0: Called Strike
0-1: Swinging Strike
0-2: SINGLE (Flyball, 56D)
Batting: RHB Will Brown 0-0: Called Strike
0-1: Ball
1-1: Called Strike
1-2: Strikes out looking
Batting: RHB Doug Murray 0-0: Ball
1-0: Ball
2-0: Called Strike
2-1: Fly out, F7 (Flyball, 78D)
Batting: RHB Barney Lawson 0-0: Fly out, F4 (Popup, 4)
Bottom of the 6th over - 0 run(s), 1 hit(s), 0 error(s), 1 left on base; Tuscaloosa 2 - Indiana 3
TOP OF THE 7TH
Tuscaloosa Trout Slayers batting - Pitching for Indiana Hounds : RHP José Morán
Batting: RHB Ryan McBride 0-0: Ball
1-0: Ball
2-0: Called Strike
2-1: Foul Ball, location: 2F
2-2: SINGLE (Groundball, 6MD)
Pinch Hitting: LHB Albert Morgan 0-0: Ball
1-0: Called Strike
1-1: Ball
2-1: SINGLE (Groundball, 3D)
Ryan McBride to second
Throwing error, E9
Ryan McBride scores
Albert Morgan to second
Pitching: LHP Keith Hill
Pinch Hitting: RHB Shigemasa Ishida 0-0: Intentional Walk
Pinch Hitting: RHB Pedro Rodríguez 0-0: Sac Bunt - play at first, batter OUT! 5-4
Albert Morgan to third
Shigemasa Ishida to second
Pinch Hitting: RHB José Fernández 0-0: Intentional Walk
Pinch Hitting: RHB Cy Keynes 0-0: Ball
1-0: Fly out, F8 (Flyball, 8LS)
Batting: RHB Pat Fullerton 0-0: Called Strike
0-1: Ball
1-1: Ground out 1-3 (Groundball, 13)
Top of the 7th over - 1 run(s), 2 hit(s), 1 error(s), 3 left on base; Tuscaloosa 3 - Indiana 3
BOTTOM OF THE 7TH
Indiana Hounds batting - Pitching for Tuscaloosa Trout Slayers : RHP Rafael Ramírez
Now at 1B: Marcos Villarreal
Now at 2B: Wilford Lush
Now at 3B: Shigemasa Ishida
Now at SS: Alberto Pérez
Now in CF: Cy Keynes
Pinch Hitting: RHB Marc Ploughman 0-0: Ball
1-0: Called Strike
1-1: Called Strike
1-2: Foul Ball, location: 2F
1-2: Ball
2-2: Foul Ball, location: 2F
2-2: Ball
3-2: Foul Ball, location: 2F
3-2: Foul Ball, location: 2F
3-2: Foul Ball, location: 2F
3-2: Foul Ball, location: 2F
3-2: Foul Ball, location: 2F
3-2: Base on Balls
Pitching: RHP Alfonso Martínez
Batting: RHB António Venecia 0-0: Called Strike
0-1: Sac Bunt - play at second, runner OUT -> throw to first, DP!
Batting: LHB Clint Parkinson 0-0: Ball
1-0: Foul Ball, location: 2F
1-1: Ball
2-1: Foul Ball, location: 2F
2-2: Foul Ball, location: 2F
2-2: Strikes out looking
Bottom of the 7th over - 0 run(s), 0 hit(s), 0 error(s), 0 left on base; Tuscaloosa 3 - Indiana 3
TOP OF THE 8TH
Tuscaloosa Trout Slayers batting - Pitching for Indiana Hounds : LHP Keith Hill
Now at 1B: Marc Ploughman
Batting: RHB Owen Carter 0-0: Ball
1-0: Swinging Strike
1-1: Foul Ball, location: 2F
1-2: Ball
2-2: Strikes out swinging
Pinch Hitting: RHB César Reyes 0-0: Ball
1-0: Ball
2-0: Called Strike
2-1: Ball
3-1: Called Strike
3-2: Strikes out swinging
Batting: RHB Ryan McBride 0-0: Called Strike
0-1: Ball
1-1: Ball
2-1: Ball
3-1: Base on Balls
Batting: RHB Alberto Pérez 0-0: Swinging Strike
0-1: Swinging Strike
0-2: Ball
1-2: Ball
2-2: Ground out 5-3 (Groundball, 56)
Top of the 8th over - 0 run(s), 0 hit(s), 0 error(s), 1 left on base; Tuscaloosa 3 - Indiana 3
BOTTOM OF THE 8TH
Indiana Hounds batting - Pitching for Tuscaloosa Trout Slayers : RHP Alfonso Martínez
Now in LF: Jerry Kennedy
Pinch Hitting: LHB Diego Torres 0-0: Ball
1-0: Ball
2-0: Ball
3-0: Base on Balls
Pinch Hitting: RHB Jorge Rodríguez 0-0: Ball
1-0: Bunted foul
1-1: Sac Bunt - play at first, batter OUT! 2-4
Diego Torres to second
Batting: RHB Víctor Chávez 0-0: Called Strike
0-1: Ball
1-1: Ball
2-1: Reached on error, E6 (Groundball, 6M)
Diego Torres to third
Batting: RHB Will Brown 0-0: Called Strike
0-1: Ball
1-1: Ball
2-1: Fielders Choice at 2nd, 4-6 (Groundball, 4)
Diego Torres scores
Pinch Hitting: LHB Dave Helásquez 0-0: Called Strike
0-1: Foul Ball, location: 2F
0-2: DOUBLE (Line Drive, 78D)
Will Brown to third
Batting: RHB Barney Lawson 0-0: Ball
1-0: Foul Ball, location: 2F
1-1: Ball
2-1: Reached on error, E6 (Groundball, 6M)
Will Brown scores
Dave Helásquez to third
Batting: RHB Marc Ploughman 0-0: Ball
1-0: Ground out 3-1 (Groundball, 34S)
Bottom of the 8th over - 2 run(s), 1 hit(s), 2 error(s), 2 left on base; Tuscaloosa 3 - Indiana 5
TOP OF THE 9TH
Tuscaloosa Trout Slayers batting - Pitching for Indiana Hounds : LHP Keith Hill
Pitching: LHP Pedro Torres
Now at C: Howard Daniel
Now at 1B: Dave Helásquez
Now in LF: Jorge Rodríguez
Now in RF: Diego Torres
Batting: RHB Shigemasa Ishida 0-0: Ball
1-0: Ground out 6-3 (Groundball, 6)
Batting: LHB Wilford Lush 0-0: Fly out, F9 (Flyball, 89XD)
Batting: LHB Marcos Villarreal 0-0: Ball
1-0: Ball
2-0: SINGLE (Groundball, 4M)
Batting: RHB Cy Keynes 0-0: Hit by Pitch
Marcos Villarreal to second
Pinch Runner at 2nd Miguel Rosa:
Batting: RHB Pat Fullerton 0-0: Ball
1-0: Ball
2-0: Ball
3-0: Called Strike
3-1: Base on Balls
Miguel Rosa to third
Cy Keynes to second
Batting: RHB Owen Carter 0-0: Swinging Strike
0-1: Foul Ball, location: 2F
0-2: Strikes out looking
Top of the 9th over - 0 run(s), 1 hit(s), 0 error(s), 3 left on base; Tuscaloosa 3 - Indiana 5
This league is powered by Out of the Park Baseball, the baseball management simulation game for PC, Mac and Linux
Tuesday, August 2nd, 2016 - OOTP Baseball 16.8 Build 38